 Dungeon Crawl Stone Soup version 0.31-a0-521-gc7390f8997 (webtiles) character file.

Game seed: 15976204492282011858

1729 randomguy2701 the Thaumaturge (level 8, -1/41 HPs)
             Began as a Deep Elf Necromancer on Aug 10, 2023.
             Was an Initiate of Sif Muna.
             Slain by a two-headed ogre
             ... wielding a +0 giant club
              (5 damage)
             ... on level 6 of the Dungeon.
             The game lasted 00:18:08 (6515 turns).

randomguy2701 the Thaumaturge (DENe)                Turns: 6515, Time: 00:18:09

Health: -1/41      AC:  8    Str:  5    XL:     8   Next: 76%
Magic:  30/33      EV: 13    Int: 23    God:    Sif Muna [......]
Gold:   292        SH:  0    Dex: 15    Spells: 21/27 levels left

rFire   . . .        (no weapon)
rCold   . . .        (no shield)
rNeg    . . .        C - +2 robe {Will+}
rPois   .            d - +0 helmet
rElec   .            (no cloak)
rCorr   .            c - +2 pair of gloves
SInv    .            (no boots)
Will    +....        (no amulet)
Stlth   +++          o - ring of magical power
HPRegen 0.26/turn    (no ring)
MPRegen 0.23/turn

%: no passive effects
@: studying Stealth
A: no striking features
a: Renounce Religion


You were on level 6 of the Dungeon.
You worshipped Sif Muna.
Sif Muna was noncommittal.
You visited 2 branches of the dungeon, and saw 7 of its levels.

You collected 292 gold pieces.

Inventory:

Missiles
 y - a throwing net
Armour
 a - a +0 robe
 c - a +2 pair of gloves (worn)
 d - a +0 helmet (worn)
 C - a +2 robe of willpower (worn)
Jewellery
 f - an amulet of faith
 o - a ring of magical power (left hand)
Wands
 s - a wand of mindburst (9)
 z - a wand of iceblast (10)
 A - a wand of charming (7)
Scrolls
 e - 2 scrolls of teleportation
 g - a scroll of silence {unknown}
 k - a scroll of vulnerability {unknown}
 m - a scroll of identify
 q - a scroll of noise {unknown}
 r - a scroll of enchant armour {unknown}
 v - a scroll of enchant weapon {unknown}
 w - a scroll of blinking {unknown}
 x - a scroll of fog {unknown}
Potions
 b - a potion of magic
 h - a potion of mutation {unknown}
 i - 3 potions of lignification
 j - 2 potions of invisibility
 l - 3 potions of might
 n - 3 potions of berserk rage
 p - a potion of enlightenment {unknown}
 t - a potion of attraction
 u - a potion of heal wounds
 B - a potion of resistance {unknown}


   Skills:
 + Level 3.4 Dodging
 * Level 3.9 Stealth
 + Level 10.1 Spellcasting
 + Level 3.8 Conjurations
 + Level 9.6 Necromancy
 * Level 1.0 Invocations


You had 21 spell levels left.
You knew the following spells:

 Your Spells              Type           Power      Damage    Failure   Level
a - Necrotise             Necr           100%       1d9       1%          1
b - Vampiric Draining     Necr           54%        2d9       1%          3
c - Magic Dart            Conj           100%       1d8       1%          1
d - Foxfire               Conj/Fire      80%        2x1d8     2%          1

Your spell library contained the following spells:

 Spells                   Type           Power      Damage    Failure   Level
 Animate Dead             Necr           54%        N/A       1%          4
 Agony                    Necr           54%        N/A       3%          5
 Call Imp                 Summ           22%        N/A       9%          2
 Mephitic Cloud           Conj/Pois/Air  17%        N/A       10%         3
 Starburst                Conj/Fire      10%        6d5       98%         6
 Plasma Beam              Fire/Air       5%         2x1d16    100%        6


Dungeon Overview and Level Annotations

Branches:
Dungeon (6/15)             Temple (1/1) D:5

Altars:
Ashenzari
Cheibriados
Dithmenos
Fedhas
Gozag
Hepliaklqana
Kikubaaqudgha
Makhleb
Nemelex Xobeh
Okawaru
Qazlal
Ru
Sif Muna
Trog
Uskayaw
Vehumet
Wu Jian
Xom
Yredelemnul
The Shining One

Shops:
D:5 !*[(   D:6 [

Annotations:
D:6 1 runed translucent door, Brisketman's ghost, novice MfIE


Message History

As you read the scroll of identify, it crumbles to dust.
l - 3 potions of might
As you read the scroll of identify, it crumbles to dust.
n - 3 potions of berserk rage
As you read the scroll of identify, it crumbles to dust.
u - a potion of heal wounds
As you read the scroll of identify, it crumbles to dust.
t - a potion of attraction
As you read the scroll labelled YXARAAD VUPALA, it crumbles to dust.
You feel strangely unstable.
It was a scroll of teleportation.
Okay, then.
Done exploring.
Done exploring.
Done exploring.
Your surroundings suddenly seem different.
What level of the Dungeon? (default 4, ? - help)
You see here a +0 whip of flaming.
There is a stone staircase leading down here.
You climb downwards.
There is a stone staircase leading up here.
There is an entrance to Foc Waca's Assorted Antiques here.
There is a stone staircase leading down here.
You climb downwards.
Level annotation: 1 runed translucent door, Brisketman's ghost, novice MfIE The two-headed ogre hits you with a +0 giant club!!
Ouch! That really hurt!
The two-headed ogre hits you with a +0 giant club!
* * * LOW HITPOINT WARNING * * *
There is a stone staircase leading up, spattered with blood here.
Casting: Vampiric Draining (safe; 1% risk of failure)
Confirm with . or Enter, or press ? or * to list all spells.
Aiming: Vampiric Draining (safe; 1% risk of failure)
Press: ? - help, Shift-Dir - straight line, f - two-headed ogre
Aim: a two-headed ogre, wielding two +0 giant clubs You draw life force from the two-headed ogre!
You feel life coursing into your body.
The two-headed ogre hits you with a +0 giant club!
* * * LOW HITPOINT WARNING * * *
The two-headed ogre hits you with a +0 giant club.
You die...

#..8.∩<8.# #####
#.###.##.#######
##...# #.#
#8.........#####....#
###.#
#..#######.##.##.##.#
#...# ####
#.##.##.##.# ..###
#.##.##.##.# .##
#.##.##.##.# .#
#.##....##.# ##
#@#####.##.# #O#
#.##.# #.# #.##.##
#.#####)#...######
#.[)O(..#.........
#######.#...######
#.####....>.
#....O......
######.#####


You could see a two-headed ogre.

Vanquished Creatures
  Pikel (D:4)
  Sigmund (D:3)
  Eustachio (D:6)
  A black bear (D:6)
  An ice beast (D:6)
  An ogre (D:5)
  2 scorpions
  A gnoll bouda (D:5)
  2 orc priests
  4 hounds
  A jelly (D:2)
  2 iguanas
  Terence (D:2)
  A sleepcap (D:5)
  Ijyb (D:3)
  2 orc wizards
  Robin (D:4)
  8 adders
  3 gnolls (D:5)
  An ufetubus (D:6)
  A worm (D:3)
  3 dart slugs
  5 orcs
  4 bats
  4 endoplasms
  2 giant cockroaches
  9 goblins
  9 hobgoblins
  3 jackals (D:5)
  11 kobolds
  3 quokkas
  8 ball pythons
  A frilled lizard (D:2)
  2 rats
101 creatures vanquished.

Vanquished Creatures (collateral kills)
  An orc priest (D:5)
  A ball python (D:1)
  A goblin (D:4)
3 creatures vanquished.

Vanquished Creatures (others)
  10 foxfires
10 creatures vanquished.

Grand Total: 114 creatures vanquished

Notes
Turn   | Place    | Note
-------+----------+-------------------------------------------
     0 | D:1      | randomguy2701 the Deep Elf Necromancer began the quest for
                  | the Orb.
     0 | D:1      | Reached XP level 1. HP: 10/10 MP: 6/6
    26 | D:1      | Reached skill level 5 in Necromancy
   272 | D:1      | Reached XP level 2. HP: 15/15 MP: 6/8
   411 | D:1      | Found a faded altar of an unknown god.
   895 | D:2      | Found a shimmering altar of Xom.
   967 | D:2      | Reached XP level 3. HP: 19/19 MP: 6/10
  1086 | D:2      | Reached skill level 4 in Spellcasting
  1254 | D:2      | Reached XP level 4. HP: 24/24 MP: 7/12
  1786 | D:2      | Reached skill level 5 in Spellcasting
  1953 | D:2      | Noticed Terence
  1959 | D:2      | Killed Terence
  1960 | D:2      | Reached XP level 5. HP: 28/28 MP: 8/14
  2305 | D:3      | Noticed Sigmund
  2806 | D:3      | Noticed Ijyb
  2813 | D:3      | Killed Ijyb
  3350 | D:4      | Reached skill level 6 in Spellcasting
  3350 | D:4      | Reached XP level 6. HP: 21/32 MP: 17/17
  3472 | D:4      | Noticed Pikel
  3740 | D:4      | Learned a level 3 spell: Vampiric Draining
  3742 | D:4      | Learned a level 1 spell: Magic Dart
  3791 | D:4      | Noticed Robin
  3806 | D:4      | Killed Robin
  3949 | D:5      | Entered Level 5 of the Dungeon
  3949 | D:5      | Found Foc Waca's Assorted Antiques.
  4040 | D:5      | Found Daddango's Distillery.
  4054 | D:5      | Reached skill level 1 in Conjurations
  4063 | D:5      | Reached skill level 7 in Spellcasting
  4200 | D:5      | Reached XP level 7. HP: 32/36 MP: 19/19
  4288 | D:5      | Found a staircase to the Ecumenical Temple.
  4318 | Temple   | Entered the Ecumenical Temple
  4418 | D:5      | Found Jodag's Weapon Boutique.
  4581 | D:5      | Found Dexedd's Antique Armour Boutique.
  4842 | D:5      | Reached skill level 8 in Spellcasting
  4950 | D:6      | Found Xoac's Armour Shoppe.
  5319 | D:6      | Noticed Eustachio
  5373 | D:6      | Reached XP level 8. HP: 41/41 MP: 22/22
  5437 | D:6      | Killed Eustachio
  5438 | D:6      | Reached skill level 9 in Spellcasting
  5506 | D:6      | Noticed Brisketman's ghost (novice MfIE)
  5528 | D:6      | Found a runed translucent door.
  5584 | D:6      | Noticed a two-headed ogre
  5661 | D:4      | Learned a level 1 spell: Foxfire
  5693 | D:4      | Killed Pikel
  5751 | D:4      | Found a shimmering blue altar of Sif Muna.
  5876 | D:4      | Found a sacrificial altar of Ru.
  5888 | D:4      | Found a shadowy altar of Dithmenos.
  6045 | D:4      | Became a worshipper of Sif Muna the Loreminder
  6302 | D:3      | Killed Sigmund
  6303 | D:3      | Reached skill level 10 in Spellcasting
  6303 | D:3      | Reached skill level 1 in Invocations
  6515 | D:6      | Slain by a two-headed ogre

Illustrated notes

Levels and vault maps discovered:
D:1:      ebering_trefoil_twist, layout_basic,
          ebering_ecumenical_altar_abandoned
D:2:      layout_loops_corners, basic_altar, serial_rivers,
          chequers_serial_rivers_micro_a, chequers_serial_rivers_micro_a,
          chequers_serial_rivers_large_b, chequers_serial_rivers_room_a,
          chequers_serial_rivers_room_a, chequers_serial_rivers_small_3,
          minmay_domino_4, uniq_terence
D:3:      layout_basic, nicolae_twisty_statue_hallways, uniq_ijyb, uniq_sigmund
D:4:      layout_basic, minitemple, uniq_robin, uniq_pikel
D:5:      layout_loops_ring, minmay_temple_entry_drinking_statues, serial_shops,
          nicolae_shop_scrapyard, nicolae_stop_n_shop_2, shop,
          nicolae_take_the_stairs
D:6:      minmay_octagon_keep, layout_loops_ring,
          hellmonk_ghost_happy_afterlife, serial_shops,
          nicolae_shop_statue_plus, uniq_eustachio
Temple:   minmay_crystal_spiral_temple

Skill      XL: |  1  2  3  4  5  6  7  8 |
---------------+-------------------------+-----
Necromancy     | 5 6 7 8 9 |  9.6
Spellcasting   | 4 5 6 7 8 10 | 10.1
Stealth        | 3 |  3.9
Conjurations   | 1 2 3 |  3.8
Dodging        | 3 |  3.4
Invocations    | 1 |  1.0

Action                     |  1- 3 |  4- 6 |  7- 9 || total
---------------------------+-------+-------+-------++-------
  Melee: Unarmed           |       |       |     1 ||     1
   Cast: Necrotise         |    44 |   123 |    74 ||   241
         Magic Dart        |       |       |    17 ||    17
         Vampiric Draining |       |       |     8 ||     8
         Foxfire           |       |       |     6 ||     6
  Evoke: Wand              |       |       |     1 ||     1
    Use: Scroll            |       |     2 |     5 ||     7
 Armour: Robe              |     4 |    15 |    12 ||    31
  Dodge: Dodged            |     3 |    19 |    39 ||    61

Table legend: (Time is in decaauts)
 A = Elapsed time spent in this place.
 B = Non-inter-level travel time spent in this place.
 C = Inter-level travel time spent in this place.
 D = Time resting spent in this place.
 E = Time spent auto-exploring this place.
 F = Levels seen in this place.
 G = Mean time per level.
                   A        B        C        D        E       F      G
               +--------+--------+--------+--------+--------+-----+--------+
         Total |   6556 |   5882 |    674 |      0 |   4828 |   7 |  936.6 |
       Dungeon |   6555 |   5881 |    674 |      0 |   4828 |   6 | 1092.5 |
        Temple |      1 |      1 |      0 |      0 |      0 |   1 |    1.0 |
               +--------+--------+--------+--------+--------+-----+--------+

Top non-repeatable levels by time:
     D:2: 1541 daAuts
     D:3: 1306 daAuts
     D:4: 1097 daAuts
     D:5: 997 daAuts
     D:1: 897 daAuts
     D:6: 714 daAuts
  Temple: 1 daAuts
